 Dungeon Crawl Stone Soup version 0.28-a0-422-gd71735cc25 (webtiles) character file.

Game seed: 14897853144200846733

105 mordus the Magician (level 5, -8/35 HPs)
             Began as a Djinni Conjurer on Sept 8, 2021.
             Mangled by an orc (9 damage)
             ... on level 3 of the Dungeon.
             The game lasted 00:13:59 (2525 turns).

mordus the Magician (Djinni Conjurer)               Turns: 2525, Time: 00:14:00

Health: -8/35      AC:  2    Str:  6    XL:     5   Next: 8%
Gold:   101        EV: 12    Int: 21    God:
                   SH:  0    Dex: 11

rFire   + + .      SeeInvis .   d - +0 dagger (vorpal)
rCold   x . .      Faith    .   (no shield)
rNeg    . . .      Spirit   .   a - +0 robe
rPois   ∞          Reflect  .   (no helmet)
rElec   .          Harm     .   (no cloak)
rCorr   .          Rampage  .   (no gloves)
Will    .....                   (boots unavailable)
Stlth   ++........              (no amulet)
HPRegen 0.11/turn               (no ring)
MPRegen 0.00/turn               (no ring)

@: flying
A: sickness immunity, fire resistance 2, cold vulnerability 1, float, innate
caster, hp casting, extra vitality 1
a: no special abilities


You were on level 3 of the Dungeon.
You visited 1 branch of the dungeon, and saw 3 of its levels.

You collected 101 gold pieces.

Inventory:

Hand Weapons
 d - a +0 vorpal dagger (weapon)
Armour
 a - a +0 robe (worn)
Scrolls
 c - a scroll of identify
 g - a scroll of fog
 h - a scroll of teleportation
Potions
 i - a potion of berserk rage


   Skills:
 + Level 3.5 Dodging
 - Level 1.5 Stealth
 * Level 4.3 Spellcasting


You couldn't memorise any spells.
You knew the following spells:

 Your Spells              Type           Power      Damage    Failure   Level
a - Magic Dart            Conj           88%        1d7       1%          1
b - Searing Ray           Conj           44%        2d6       3%          2
c - Dazzling Flash        Conj/Hex       44%        N/A       6%          3
d - Fulminant Prism       Conj/Hex       11%        3d9       21%         4
e - Iskenderun's Mystic   Conj/Tloc      22%        2d6       21%         4
f - Beastly Appendage     Tmut           44%        N/A       1%          1
g - Passwall              Tmut/Erth      18%        N/A       3%          2
Your spell library was empty.

Dungeon Overview and Level Annotations

Branches:
Dungeon (3/15)

Altars:

Shops:
D:3 (


Innate Abilities, Weirdness & Mutations

You are immune to sickness and miasma.
You are immune to poison.
Your flesh is very heat resistant. (rF++)
You are vulnerable to cold. (rC-)
You float through the air rather than walking.
You learn spells naturally, not from books.
Your magical power is your life essence.
You have superior vitality. (+4 HP)


Message History

The orc wizard casts a spell at you.
You are confused.
You're too confused to move!
The orc hits you with a +0 whip.
The orc wizard gestures wildly while chanting.
The orc wizard flickers and vanishes!
Deactivating autopickup; reactivate with Ctrl-A.
You bump into the rock wall.
The orc barely misses you.
You bump into the rock wall.
The orc barely misses you.
You're too confused to cast spells.
You bump into the rock wall.
You feel less confused. The orc barely misses you. The orc misses you.
Casting: Searing Ray (safe; 3% risk of failure)
Confirm with . or Enter, or press ? or * to list all spells.
Aiming: Searing Ray (safe; 3% risk of failure)
Press: ? - help, Shift-Dir - straight line The searing ray hits the orc!
You kill the orc!
The searing ray hits the orc.
The orc is heavily wounded. (Press . to maintain the ray.)
The orc hits you from afar with a +0 trident.
The searing ray hits the orc!
You kill the orc!
The orc hits you from afar with a +0 trident!
You hear some strange, mumbled words.
You are confused.
You're too confused to move!
The orc hits you from afar with a +0 trident.
You bump into the rock wall.
The orc hits you from afar with a +0 trident!
* * * LOW HITPOINT WARNING * * *
The orc closely misses you.
You bump into the rock wall.
You feel less confused.
The orc hits you from afar with a +0 trident.
* * * LOW HITPOINT WARNING * * *
There is an escape hatch in the ceiling here.
The orc hits you from afar with a +0 trident!
You die...

#.......).....#######
#..##.........####
#..##.......†....########
#..##........#.#........#
#..##............#........
#..).........###..........
#.##.........##....###....
#.#...##.###.#.###.###...o.o
#.....>#.# #.8.@.∩.8......o.
#........# #.#.###.#........
#.........##.{o# #..†.....
#..............###......o. .
####.##...####.).).###.##...
#.###.## ###.####.#.....
#...........# #######.#####
#


You could see an orc.

Vanquished Creatures
  3 adders (D:2)
  A worm (D:2)
  4 orcs (D:3)
  8 ball pythons
  6 bats
  3 endoplasms
  6 giant cockroaches
  8 goblins
  11 hobgoblins
  2 kobolds
  A quokka (D:1)
  6 frilled lizards
  6 rats
65 creatures vanquished.

Notes
Turn   | Place    | Note
-------+----------+-------------------------------------------
     0 | D:1      | mordus the Djinni Conjurer began the quest for the Orb.
     0 | D:1      | Reached XP level 1. HP: 15/15 MP: 0/0
    74 | D:1      | Reached XP level 2. HP: 6/21 MP: 0/0
   650 | D:1      | Reached XP level 3. HP: 23/25 MP: 0/0
   650 | D:1      | Learned a level 1 spell: Beastly Appendage
  1563 | D:2      | Reached XP level 4. HP: 30/31 MP: 0/0
  1604 | D:2      | Reached skill level 4 in Spellcasting
  2436 | D:3      | Reached XP level 5. HP: 34/35 MP: 0/0
  2436 | D:3      | Learned a level 2 spell: Passwall
  2470 | D:3      | Found Zah Bume's Weapon Emporium.
  2523 | D:3      | HP: 1/35 [orc (4)]
  2525 | D:3      | Mangled by an orc

Illustrated notes

Levels and vault maps discovered:
D:1:      pf_arrival_petrified_forest, layout_basic
D:2:      layout_loops_ring, item_on_display_a
D:3:      layout_loops_ring, serial_shops, shop_statue

Skill      XL: |  1  2  3  4 |
---------------+-------------+-----
Dodging        | 3 |  3.5
Spellcasting   | 4 |  4.3
Stealth        | |  1.5

Action                   |  1- 3 |  4- 6 || total
-------------------------+-------+-------++-------
Melee: Dagger            |     2 |       ||     2
 Cast: Magic Dart        |    71 |    18 ||    89
       Searing Ray       |     9 |    10 ||    19
  Use: Potion            |     2 |     1 ||     3
       Scroll            |       |     5 ||     5
Armor: Robe              |     7 |       ||     7
Dodge: Dodged            |    11 |    11 ||    22

Table legend: (Time is in decaauts)
 A = Elapsed time spent in this place.
 B = Non-inter-level travel time spent in this place.
 C = Inter-level travel time spent in this place.
 D = Time resting spent in this place.
 E = Time spent auto-exploring this place.
 F = Levels seen in this place.
 G = Mean time per level.
                   A        B        C        D        E       F      G
               +--------+--------+--------+--------+--------+-----+--------+
         Total |   2529 |   2488 |     41 |    810 |   1306 |   3 |  843.0 |
       Dungeon |   2529 |   2488 |     41 |    810 |   1306 |   3 |  843.0 |
               +--------+--------+--------+--------+--------+-----+--------+

Top non-repeatable levels by time:
     D:1: 1310 daAuts
     D:2: 993 daAuts
     D:3: 225 daAuts
